[Event "Titled Tuesday Blitz November 30 2021"]
[White "Pakleza, Zbigniew"]
[Black "Odegov, Artem"]
[WhiteFideId "1119290"]
[BlackFideId "34183644"]
[WhiteElo "2526"]
[BlackElo "2287"]
[Result "0-1"]
[Round "10"]
[TimeControl "180+1"]
[Date "2021.11.30"]
[WhiteClock "0:00:02"]
[BlackClock "0:00:03"]

1. d4 Nf6 2. Nf3 c5 3. c3 d5 4. Bf4 Nc6 5. e3 Qb6 6. Qb3 c4 7. Qc2 g6 8. b3 Bf5 9. Qb2 Bg7 10. Nbd2 O-O 11. h3 Rac8 12. Be2 Ne4 13. O-O Nxd2 14. Qxd2 cxb3 15. axb3 e5 16. dxe5 Rfd8 17. b4 Be4 18. Rac1 a6 19. Rfd1 Re8 20. Ng5 Nxe5 21. f3 h6 22. Nxf7 Nxf7 23. fxe4 Rxe4 24. Kh1 Rce8 25. Bf3 R4e7 26. Bxd5 Kh7 27. e4 Ne5 28. c4 Qf6 29. c5 Qh4 30. Rf1 Ng4 31. Qe1 Qxe1 32. Rcxe1 Nf6 33. Bd6 Nxd5 34. Bxe7 Nxe7 35. Rf7 Kg8 36. Ref1 Rf8 37. Rxf8+ Bxf8 38. Rd1 Nc6 39. Rb1 Nd4 40. g4 Kf7 41. Kg2 Ke6 42. Kf2 Nc6 43. Ke3 Nxb4 44. Kd4 Nc6+ 45. Kc4 Ne5+ 46. Kd4 Nc6+ 47. Kc4 Be7 48. Rd1 Ne5+ 49. Kd4 Nf3+ 50. Kc4 Ng5 51. Rb1 Nxe4 52. Rb6+ Ke5 53. Rxg6 Nxc5 54. Rxh6 b5+ 55. Kc3 Ne4+ 56. Kc2 b4 57. Rxa6 Nc5 58. Ra8 Kd5 59. Re8 Bf6 60. Rf8 b3+ 61. Kb1 Be5 62. g5 Kc4 63. g6 Ne4 64. Rf5 Nd2+ 65. Kc1 b2+ 66. Kxd2 b1=Q 67. Rxe5 Qxg6 68. Re3 Qg2+ 69. Ke1 Kd4 70. Re2 Qxh3 71. Kd2 Qc3+ 72. Kd1 Qa1+ 73. Kd2 Qa5+ 74. Kc2 Qc5+ 75. Kd2 Qa3 76. Kd1 Qa5 77. Rd2+ Ke3 78. Rc2 Kd3 0-1


[Site "https://www.chess.com"]

[Event "Titled Tuesday Blitz November 30 2021"]
[White "Papasimakopoulos, Alexandros"]
[Black "Kovalev, Vladislav"]
[WhiteFideId "4244125"]
[BlackFideId "13504398"]
[WhiteElo "2394"]
[BlackElo "2573"]
[Result "0-1"]
[Round "10"]
[TimeControl "180+1"]
[Date "2021.11.30"]
[WhiteClock "0:00:06"]
[BlackClock "0:00:04"]

1. d4 Nf6 2. c4 e5 3. dxe5 Ng4 4. e3 Nxe5 5. Nh3 d6 6. Nf4 g6 7. Nc3 Bg7 8. Be2 O-O 9. O-O Nbd7 10. e4 Nb6 11. Qb3 a5 12. a4 Nbd7 13. Be3 Nc5 14. Qc2 c6 15. Rad1 Qe7 16. b3 Re8 17. Rfe1 h5 18. Nd3 Nexd3 19. Bxd3 h4 20. h3 Qe5 21. Bd2 g5 22. Be2 Bd7 23. Bg4 Bxg4 24. hxg4 Qe6 25. f3 Qf6 26. Rf1 Qd4+ 27. Kh1 Qd3 28. Qxd3 Nxd3 29. Ne2 Nc5 30. Nc1 Bf6 31. Be3 Red8 32. Bxc5 dxc5 33. Ne2 Be5 34. Kg1 Kf8 35. Kf2 Ke7 36. Ke3 Rdb8 37. Rd3 Ke6 38. Rfd1 Rh8 39. f4 gxf4+ 40. Nxf4+ Kf6 41. Rd7 Bd4+ 42. Kf3 Rad8 43. Rxb7 Rb8 44. Rxb8 Rxb8 45. Rd3 Ke5 46. g5 Rg8 47. Nh3 f6 48. gxf6 Kxf6 49. Nf4 Ke5 50. Ne2 Rf8+ 51. Kg4 Kxe4 52. Rf3 Rg8+ 53. Kh3 Be5 54. Nc1 Rg3+ 55. Kxh4 Rxg2 56. Rf8 Bf4 57. Re8+ Kf3 58. Kh5 Bxc1 59. Re6 Rg5+ 60. Kh4 Rf5 61. Rxc6 Be3 62. Rh6 Bxh6 0-1


[Site "https://www.chess.com"]

[Event "Titled Tuesday Blitz November 30 2021"]
[White "Perez Ponsa, Federico"]
[Black "Preotu, Razvan"]
[WhiteFideId "117927"]
[BlackFideId "2613280"]
[WhiteElo "2672"]
[BlackElo "2407"]
[Result "1-0"]
[Round "10"]
[TimeControl "180+1"]
[Date "2021.11.30"]
[WhiteClock "0:00:39"]
[BlackClock "0:00:03"]

1. e4 c5 2. Nf3 d6 3. Bb5+ Nd7 4. c3 Nf6 5. Bd3 a6 6. Bc2 b5 7. d4 e6 8. O-O Bb7 9. Re1 Be7 10. Nbd2 Qc7 11. Nf1 O-O 12. Ng3 Rfc8 13. Bd3 b4 14. e5 Bxf3 15. Qxf3 dxe5 16. Bg5 bxc3 17. bxc3 cxd4 18. cxd4 exd4 19. Nf5 Bf8 20. Rac1 Qa5 21. Nh6+ gxh6 22. Bxf6 Nxf6 23. Qxf6 Bg7 24. Qf3 Rab8 25. Qe4 Rxc1 26. Qxh7+ Kf8 27. Rxc1 Qd2 28. Rf1 Qxa2 29. Qe4 a5 30. Qc6 Qb3 31. Qc5+ Kg8 32. Be4 Qb4 33. Qc7 a4 34. g3 a3 35. Qa7 Rc8 36. Rb1 Qc5 37. Qa6 Bf8 38. Rb7 Qe5 39. Qe2 Rc1+ 40. Kg2 a2 41. Bh7+ Kxh7 42. Qxe5 a1=Q 43. Rxf7+ Kg8 44. Qf6 Rg1+ 45. Kh3 Qf1+ 46. Kh4 Qd3 47. Rxf8+ Kh7 48. Rh8# 1-0


[Site "https://www.chess.com"]

[Event "Titled Tuesday Blitz November 30 2021"]
[White "Petrovskyi, Vadym"]
[Black "Nagy, Gabor"]
[WhiteFideId "14165210"]
[BlackFideId "737119"]
[WhiteElo "2377"]
[BlackElo "2534"]
[Result "1-0"]
[Round "10"]
[TimeControl "180+1"]
[Date "2021.11.30"]
[WhiteClock "0:00:09"]
[BlackClock "0:00:07"]

1. e4 c5 2. Nf3 d6 3. d4 cxd4 4. Nxd4 Nf6 5. Nc3 e5 6. Nf3 Be7 7. Be2 O-O 8. O-O Nc6 9. Re1 h6 10. h3 Be6 11. Bf1 Rc8 12. Nd5 Bxd5 13. exd5 Nb8 14. c4 Nbd7 15. b4 Nh7 16. Be3 b6 17. Rc1 f5 18. Qa4 Rc7 19. Red1 Ng5 20. Ne1 f4 21. Bd2 e4 22. Nc2 Ne5 23. Nd4 e3 24. Be1 Bf6 25. h4 exf2+ 26. Bxf2 Ne4 27. Ne6 Bxh4 28. Nxd8 Bxf2+ 29. Kh2 Rxd8 30. Be2 Bg3+ 31. Kg1 Bf2+ 32. Kh2 Rf8 33. Qb3 Bg3+ 34. Kg1 Bf2+ 35. Kh2 Be3 36. Rc2 g5 37. Bf3 Nf6 38. Re1 g4 39. Bd1 g3+ 40. Kh3 Ne4 41. Rxe3 fxe3 42. Qxe3 Nf2+ 43. Kxg3 Rg7+ 44. Kh4 Nxd1 45. Qe1 Rf4+ 46. Kh3 Rf5 47. Qxd1 Nd3 48. Kh2 Nf2 49. Qd4 Ng4+ 50. Kg1 h5 51. Re2 Rgf7 52. Re8+ Rf8 53. Rxf8+ Rxf8 54. c5 Re8 55. Qc3 bxc5 56. bxc5 dxc5 57. d6 Kf7 58. d7 Rd8 59. Qxc5 Rxd7 60. Qxh5+ Kf6 61. Qxg4 Rd2 62. Qf4+ 1-0


[Site "https://www.chess.com"]

[Event "Titled Tuesday Blitz November 30 2021"]
[White "Pichot, Alan"]
[Black "Deac, Bogdan-Daniel"]
[WhiteFideId "110973"]
[BlackFideId "1226380"]
[WhiteElo "2600"]
[BlackElo "2605"]
[Result "1-0"]
[Round "10"]
[TimeControl "180+1"]
[Date "2021.11.30"]
[WhiteClock "0:00:21"]
[BlackClock "0:00:02"]

1. e4 e5 2. Nf3 Nc6 3. Bb5 Nf6 4. d3 d6 5. O-O Be7 6. c4 O-O 7. h3 Nd7 8. Nc3 Re8 9. Be3 Bf8 10. Ba4 g6 11. Nd5 Bg7 12. b4 Nb6 13. Rc1 Bd7 14. Bxc6 Bxc6 15. Nc3 f5 16. Qb3 Kh8 17. c5 f4 18. cxb6 fxe3 19. bxc7 exf2+ 20. Rxf2 Qxc7 21. Ng5 h6 22. Nf7+ Kh7 23. Nb5 Qb6 24. Nbxd6 Rf8 25. Rc5 a5 26. a3 axb4 27. axb4 Ra4 28. Rb2 Qa7 29. Kh2 Ra3 30. Qc4 Ra4 31. Nxe5 Be8 32. Nxe8 Rxe8 33. Qf7 Rxe5 34. Rxe5 Qd4 35. Re6 1-0


[Site "https://www.chess.com"]

[Event "Titled Tuesday Blitz November 30 2021"]
[White "Poormosavi, Seyed Kian"]
[Black "Sychev, Klementy"]
[WhiteFideId "12585807"]
[BlackFideId "4114060"]
[WhiteElo "2134"]
[BlackElo "2615"]
[Result "1-0"]
[Round "10"]
[TimeControl "180+1"]
[Date "2021.11.30"]
[WhiteClock "0:00:12"]
[BlackClock "0:00:01"]

1. e4 Nf6 2. e5 Nd5 3. d4 d6 4. c4 Nb6 5. f4 g6 6. Nc3 Bg7 7. Nf3 O-O 8. Be2 Be6 9. d5 Bg4 10. e6 Bxf3 11. exf7+ Rxf7 12. gxf3 N8d7 13. Be3 Qe8 14. Qd2 e5 15. O-O-O exf4 16. Bd4 Bxd4 17. Qxd4 Qe5 18. Ne4 Re8 19. Qd2 Nf6 20. Nxf6+ Rxf6 21. Bd3 Qe3 22. h4 Qxf3 23. h5 g5 24. h6 Qe3 25. Rdg1 Qxd2+ 26. Kxd2 Re5 27. Rh5 Kh8 28. Rhxg5 Rxg5 29. Rxg5 Rxh6 30. Rf5 Rh2+ 31. Kc3 Na4+ 32. Kd4 Nxb2 33. Be4 Kg7 34. Rxf4 Na4 35. Rg4+ Kh6 36. Rf4 Nc5 37. Bb1 Kg7 38. Rg4+ Kf7 39. Rf4+ Ke7 40. Rg4 Rb2 41. Bxh7 Kf6 42. a3 Rb3 43. Bc2 Rxa3 44. Rg6+ Kf7 45. Rh6 Na6 46. Rh7+ Kf6 47. Rh6+ Kg5 48. Rg6+ Kf4 49. Rf6+ Kg3 50. Rf7 Kg2 51. Bf5 Kg3 52. Bc8 Rb3 53. Bd7 Nb4 54. Ba4 Nc2+ 55. Ke4 Re3+ 56. Kf5 Rf3+ 57. Ke6 Rc3 58. Rxc7 b5 59. Bxb5 Nd4+ 60. Kxd6 a5 61. Ra7 Kf4 62. Kc5 1-0


[Site "https://www.chess.com"]

[Event "Titled Tuesday Blitz November 30 2021"]
[White "Pour Agha Bala, Amirreza"]
[Black "Shipov, Sergei"]
[WhiteFideId "12572896"]
[BlackFideId "4113624"]
[WhiteElo "2313"]
[BlackElo "2768"]
[Result "1-0"]
[Round "10"]
[TimeControl "180+1"]
[Date "2021.11.30"]
[WhiteClock "0:01:24"]
[BlackClock "0:00:26"]

1. d4 d5 2. c4 dxc4 3. e4 Nf6 4. e5 Nd5 5. Bxc4 Nc6 6. Ne2 Bf5 7. O-O e6 8. Nbc3 Nb6 9. Bb5 Qd7 10. Be3 a6 11. Bxc6 Qxc6 12. Rc1 Be7 13. a4 O-O 14. Nf4 Qd7 15. d5 Rfd8 16. d6 Bf8 17. Bxb6 cxb6 18. Qe2 Rac8 19. Rfd1 Rc5 20. Nd3 Bxd3 21. Rxd3 Rdc8 22. Rg3 Qxa4 23. Rd1 Qc4 24. Qe3 b5 25. Ne4 Qc1 26. Qe1 Qxd1 27. Qxd1 Rc1 28. Rd3 Rxd1+ 29. Rxd1 h6 30. f4 f5 31. exf6 gxf6 32. Nxf6+ Kf7 33. Ne4 e5 34. f5 Rd8 35. g4 Be7 36. Kg2 b4 37. Kg3 a5 38. h4 a4 39. g5 hxg5 40. hxg5 a3 41. bxa3 bxa3 42. g6+ Ke8 43. f6 1-0


[Site "https://www.chess.com"]

[Event "Titled Tuesday Blitz November 30 2021"]
[White "Rasulov, Vugar"]
[Black "Kamsky, Gata"]
[WhiteFideId "13402390"]
[BlackFideId "2000024"]
[WhiteElo "2560"]
[BlackElo "2645"]
[Result "1-0"]
[Round "10"]
[TimeControl "180+1"]
[Date "2021.11.30"]
[WhiteClock "0:00:37"]
[BlackClock "0:00:04"]

1. d4 Nf6 2. c4 e6 3. Nc3 Bb4 4. Bd2 O-O 5. e3 b6 6. Bd3 Bb7 7. Nge2 d5 8. O-O dxc4 9. Bxc4 Nbd7 10. Ng3 c5 11. a3 cxd4 12. axb4 dxc3 13. Bxc3 Qc7 14. Qe2 Ne5 15. Ba6 Bxa6 16. Rxa6 Nd5 17. Ne4 Nxc3 18. Nxc3 Qc4 19. b5 Qxe2 20. Nxe2 Nc4 21. Rfa1 e5 22. Rxa7 Rxa7 23. Rxa7 Rd8 24. g3 Nxb2 25. Nc3 h5 26. Rb7 Nc4 27. Rc7 Na3 28. Rc6 Rd3 29. Kf1 Rd2 30. Rxb6 Rb2 31. Ra6 Nc4 32. Rc6 Nd2+ 33. Kg2 f6 34. b6 Kh7 35. Na4 Rb4 36. Nc5 Ne4 37. Nxe4 Rxe4 38. b7 Rb4 39. Rc7 Kg6 40. h4 e4 41. Kf1 Rb2 42. Ke1 Kh6 43. Kd1 g5 44. Kc1 Rb5 45. Kc2 gxh4 46. gxh4 Kg6 47. Kc3 Rb1 48. Kd4 Kf5 49. Rg7 Rb5 50. Kc4 Rb2 51. Kc5 Rc2+ 52. Kd6 Rd2+ 53. Kc7 Rc2+ 54. Kd8 Rb2 55. Kc8 Rc2+ 56. Rc7 Rb2 57. Rc6 1-0


[Site "https://www.chess.com"]

[Event "Titled Tuesday Blitz November 30 2021"]
[White "Rozman, Levy"]
[Black "Krivonosov, Oleg"]
[WhiteFideId "2039877"]
[BlackFideId "11600349"]
[WhiteElo "2376"]
[BlackElo "2469"]
[Result "0-1"]
[Round "10"]
[TimeControl "180+1"]
[Date "2021.11.30"]
[WhiteClock "0:00:05"]
[BlackClock "0:00:11"]

1. d4 d5 2. c4 e6 3. Nf3 Nf6 4. Nc3 Be7 5. Bg5 h6 6. Bxf6 Bxf6 7. Qc2 dxc4 8. e3 c5 9. Bxc4 cxd4 10. O-O-O Nc6 11. exd4 O-O 12. Qe4 Nb4 13. a3 Nd5 14. Bxd5 exd5 15. Nxd5 Be6 16. Nxf6+ Qxf6 17. Kd2 Rfd8 18. Rhe1 Rd5 19. Re3 Rad8 20. Ke1 Rb5 21. Rd2 a6 22. Qh4 Qxh4 23. Nxh4 Rbd5 24. Nf3 Bg4 25. Re4 Bxf3 26. gxf3 g6 27. Ke2 R8d6 28. Ke3 Rh5 29. h4 Kf8 30. Rc2 Rd7 31. Rc5 Rhd5 32. b4 R5d6 33. h5 Kg7 34. f4 f5 35. Re8 Rxd4 36. hxg6 Rd3+ 37. Ke2 R3d5 38. Rxd5 Rxd5 39. Re7+ Kxg6 40. Rxb7 a5 41. b5 a4 42. b6 Rb5 43. Ra7 Rxb6 44. Rxa4 Kh5 45. Ra5 Kg4 46. f3+ Kxf4 47. Ra4+ Kg3 48. Ke3 Re6+ 49. Kd4 Kxf3 50. Kd5 Re4 51. Ra6 h5 52. Rh6 h4 53. Rf6 Kg4 54. Rg6+ Kh5 55. Rg8 Ra4 56. Ke5 Ra5+ 57. Kf4 Rxa3 58. Rh8+ Kg6 59. Rg8+ Kf6 60. Rf8+ Ke6 61. Re8+ Kf7 62. Rh8 Kg6 63. Rg8+ Kf7 64. Rh8 Ra5 65. Rh5 Kg6 66. Rh8 Ra4+ 67. Kf3 Ra3+ 68. Kf4 Ra4+ 69. Kf3 h3 70. Rg8+ Kf6 71. Rf8+ Ke6 72. Rh8 Ra3+ 73. Kf4 Ra4+ 74. Kf3 Ke5 75. Re8+ Kf6 76. Rh8 Kg6 77. Rg8+ Kf7 78. Rh8 Ke6 79. Rxh3 Ra3+ 80. Kg2 Rxh3 81. Kxh3 Ke5 82. Kg2 Ke4 0-1


[Site "https://www.chess.com"]

[Event "Titled Tuesday Blitz November 30 2021"]
[White "Rustemov, Alexander"]
[Black "Atakhan, Abtin"]
[WhiteFideId "4119002"]
[BlackFideId "22502203"]
[WhiteElo "2787"]
[BlackElo "2119"]
[Result "0-1"]
[Round "10"]
[TimeControl "180+1"]
[Date "2021.11.30"]
[WhiteClock "0:00:01"]
[BlackClock "0:00:05"]

1. d4 Nf6 2. c4 g6 3. Nf3 Bg7 4. g3 d6 5. Bg2 O-O 6. Nc3 Nc6 7. O-O e5 8. d5 Ne7 9. e4 Nd7 10. Ne1 f5 11. Nd3 c5 12. Be3 h6 13. Qd2 g5 14. f4 exf4 15. gxf4 g4 16. e5 dxe5 17. fxe5 Nxe5 18. Nxe5 Bxe5 19. Bxh6 Rf7 20. Bf4 Bd4+ 21. Be3 Be5 22. Ne2 Ng6 23. Nf4 Qh4 24. Bxc5 Rh7 25. h3 Qg3 26. Nxg6 Qh2+ 27. Kf2 Qg3+ 28. Ke2 Qxg2+ 29. Rf2 Qe4+ 30. Qe3 Qxe3+ 31. Bxe3 Bg3 32. Rg2 Rxh3 33. Rf1 Kf7 34. Nf4 Bxf4 35. Bxf4 Bd7 36. Kd2 Re8 37. b3 Re4 38. Bb8 Kg6 39. Bxa7 f4 40. Bb8 f3 41. Rg3 Re2+ 42. Kc3 Rxg3 43. Bxg3 Rg2 44. Bb8 Bf5 45. a4 Be4 46. d6 Bc6 47. b4 f2 48. b5 Bd7 49. Ba7 g3 50. Kb4 Kf5 51. a5 Ke6 52. a6 bxa6 53. bxa6 Kxd6 54. Ka5 Kc6 55. Be3 Rh2 56. a7 Rh5+ 57. Kb4 Kb7 58. Kc3 g2 59. Rb1+ Kc7 60. Bxf2 Bc6 61. Bg1 Rh3+ 62. Kd4 Rf3 63. Kc5 Rf1 64. Rb8 Rxg1 65. Rg8 Rf1 66. Rg7+ Kd8 67. Kxc6 Ra1 68. Kb6 Rb1+ 69. Kc6 Ra1 70. Rxg2 Ke7 0-1


[Site "https://www.chess.com"]

[Event "Titled Tuesday Blitz November 30 2021"]
[White "Samunenkov, Ihor"]
[Black "Gontcharov, Vladislav"]
[WhiteFideId "14187086"]
[BlackFideId "4123492"]
[WhiteElo "2348"]
[BlackElo "2503"]
[Result "1-0"]
[Round "10"]
[TimeControl "180+1"]
[Date "2021.11.30"]
[WhiteClock "0:00:08"]
[BlackClock "0:00:01"]

1. d4 Nf6 2. g3 c5 3. d5 d6 4. a4 g6 5. Bg2 Bg7 6. e4 O-O 7. Ne2 e6 8. dxe6 Bxe6 9. Nbc3 Nc6 10. O-O Qe7 11. Nf4 Rfd8 12. Re1 Nd4 13. Ncd5 Qd7 14. c3 Nc6 15. Nxf6+ Bxf6 16. Nd5 Bxd5 17. Qxd5 Ne7 18. Qd3 a6 19. Bf4 Be5 20. Bg5 Re8 21. Red1 Nc8 22. a5 Rb8 23. Be3 Qc7 24. f4 Bg7 25. Bf2 b5 26. axb6 Rxb6 27. Rd2 Qb8 28. Qe2 Qa7 29. Qc4 Qb8 30. Ra2 Rb5 31. h3 h5 32. h4 Nb6 33. Qd3 Nc8 34. Kh2 Bf6 35. Bf3 Kg7 36. Kg2 Rd8 37. Qe2 a5 38. Qc4 Qb6 39. Be2 Rb3 40. Qa4 Qb7 41. Kg1 Rb6 42. Bf3 Qb8 43. Qxa5 Re8 44. Qa4 Ne7 45. Qc4 Nc6 46. Qd5 Ne7 47. Qd3 Rd8 48. Kg2 Nc6 49. b4 cxb4 50. Bxb6 b3 51. Bxd8 bxa2 52. Bxf6+ Kxf6 53. Rxa2 Qb3 54. Qxd6+ Kg7 55. Rd2 Qxc3 56. Qd3 Qc5 57. Rc2 Qb6 58. Qc3+ 1-0


[Site "https://www.chess.com"]

[Event "Titled Tuesday Blitz November 30 2021"]
[White "Saraci, Nderim"]
[Black "Kucuksari, Kaan"]
[WhiteFideId "6351921"]
[BlackFideId "6380166"]
[WhiteElo "2480"]
[BlackElo "2301"]
[Result "1-0"]
[Round "10"]
[TimeControl "180+1"]
[Date "2021.11.30"]
[WhiteClock "0:00:55"]
[BlackClock "0:00:03"]

1. c4 f5 2. g3 Nf6 3. Bg2 g6 4. h4 Bg7 5. d4 Nc6 6. Nh3 e5 7. dxe5 Nxe5 8. Nd2 O-O 9. O-O d6 10. b3 Ne4 11. Bb2 Bd7 12. Nxe4 fxe4 13. Qd5+ Kh8 14. Qxe4 Bc6 15. Qc2 Bxg2 16. Kxg2 Qd7 17. Rad1 Rf5 18. Ng5 Raf8 19. Bxe5 Rxe5 20. Nf3 Ref5 21. Qd3 Qc6 22. Kg1 Qd7 23. Qe4 Re8 24. Qd3 a5 25. Rd2 Ref8 26. Qe4 b6 27. Rfd1 Bh6 28. Rd5 Re8 29. Qc2 Rff8 30. c5 bxc5 31. Rxc5 Re7 32. Rxa5 Rfe8 33. Ra7 Qg4 34. Rxc7 Rxc7 35. Qxc7 Rxe2 36. Qd8+ Kg7 37. Rxd6 Be3 38. Rd7+ Kh6 39. Qf8+ 1-0


[Site "https://www.chess.com"]

[Event "Titled Tuesday Blitz November 30 2021"]
[White "Shahade, Gregory"]
[Black "Mitrabha, Guha"]
[WhiteFideId "2009064"]
[BlackFideId "5057000"]
[WhiteElo "2669"]
[BlackElo "2334"]
[Result "0-1"]
[Round "10"]
[TimeControl "180+1"]
[Date "2021.11.30"]
[WhiteClock "0:00:06"]
[BlackClock "0:01:26"]

1. e4 c6 2. Nc3 d5 3. Nf3 dxe4 4. Nxe4 Nf6 5. Qe2 Nxe4 6. Qxe4 Be6 7. b3 Nd7 8. Bb2 Nf6 9. Qh4 Bf5 10. O-O-O e6 11. Qg3 Ne4 12. Qf4 Qa5 13. Nd4 Bg6 14. Bd3 Qxa2 15. Bxe4 Ba3 16. d3 Qxb2+ 17. Kd2 Bb4+ 18. Ke2 O-O-O 19. Bxg6 Rxd4 20. Be4 f5 21. Qe5 Rxe4+ 0-1


[Site "https://www.chess.com"]

[Event "Titled Tuesday Blitz November 30 2021"]
[White "Siva Mahadevan"]
[Black "Golubka, Petro"]
[WhiteFideId "25043153"]
[BlackFideId "14114224"]
[WhiteElo "2203"]
[BlackElo "2392"]
[Result "1-0"]
[Round "10"]
[TimeControl "180+1"]
[Date "2021.11.30"]
[WhiteClock "0:01:06"]
[BlackClock "0:00:47"]

1. e4 c5 2. Nf3 d6 3. d4 cxd4 4. Nxd4 Nf6 5. Nc3 a6 6. Bg5 h6 7. Bxf6 gxf6 8. Qh5 e6 9. Bc4 Qe7 10. O-O-O Nc6 11. Nf5 exf5 12. Nd5 Qd8 13. Rhe1 f4 14. Nxf4 Ne5 15. Be2 Rg8 16. Nd5 Rxg2 17. f4 Ng4 18. h3 Nf2 19. Rg1 Rxg1 20. Rxg1 Nxe4 21. Re1 f5 22. Bg4 Qa5 23. Rxe4+ fxe4 24. Nf6+ Ke7 25. Qxa5 Kxf6 26. Qc3+ Ke7 27. Bxc8 1-0


[Site "https://www.chess.com"]

[Event "Titled Tuesday Blitz November 30 2021"]
[White "Szpar, Milosz"]
[Black "Andreikin, Dmitry"]
[WhiteFideId "1184989"]
[BlackFideId "4158814"]
[WhiteElo "2285"]
[BlackElo "2736"]
[Result "0-1"]
[Round "10"]
[TimeControl "180+1"]
[Date "2021.11.30"]
[WhiteClock "0:00:02"]
[BlackClock "0:01:35"]

1. e4 e5 2. Nf3 Nc6 3. Bb5 a6 4. Ba4 g6 5. c3 d6 6. d4 Bd7 7. O-O Bg7 8. Re1 Nf6 9. Nbd2 O-O 10. Nf1 Qe8 11. Bc2 Nh5 12. Ne3 Rc8 13. dxe5 Nxe5 14. Nxe5 dxe5 15. Nd5 Be6 16. Bb3 c6 17. Nb6 Rd8 18. Qf3 Qe7 19. Be3 Nf4 20. Bxf4 exf4 21. Qxf4 Qc5 22. Na4 Qb5 23. e5 Rfe8 24. c4 Qb4 25. Nc3 b5 26. Rab1 bxc4 27. Bc2 c5 28. a3 Qb8 29. Re4 Bf5 30. Re2 Bxe5 31. Qh4 Bxc3 32. bxc3 Qxb1+ 33. Bxb1 Rd1+ 0-1


[Site "https://www.chess.com"]

[Event "Titled Tuesday Blitz November 30 2021"]
[White "Yilmaz, Mustafa"]
[Black "Onyshchuk, Volodymyr"]
[WhiteFideId "6302718"]
[BlackFideId "14114038"]
[WhiteElo "2518"]
[BlackElo "2603"]
[Result "1-0"]
[Round "10"]
[TimeControl "180+1"]
[Date "2021.11.30"]
[WhiteClock "0:00:51"]
[BlackClock "0:01:27"]

1. d4 d6 2. Nf3 g6 3. c4 Bg7 4. Nc3 e5 5. e4 exd4 6. Nxd4 Nc6 7. Be3 Nge7 8. Be2 O-O 9. O-O f5 10. Nxc6 bxc6 11. Qd2 c5 12. Rad1 Nc6 13. Qd5+ Kh8 14. Qxc6 Rb8 15. Nb5 f4 16. Bc1 Rf7 17. Qxc5 Bb7 18. Qxa7 Bxe4 19. Nxd6 cxd6 20. Qxf7 Qg5 21. f3 Bf5 22. Rxd6 Rf8 23. Qd5 h5 24. Bd3 Re8 25. Bxf5 gxf5 26. Re6 Rd8 27. Bxf4 1-0


[Site "https://www.chess.com"]

[Event "Titled Tuesday Blitz November 30 2021"]
[White "Zhigalko, Sergei"]
[Black "Donchenko, Alexander"]
[WhiteFideId "13502956"]
[BlackFideId "24603295"]
[WhiteElo "2662"]
[BlackElo "2490"]
[Result "1-0"]
[Round "10"]
[TimeControl "180+1"]
[Date "2021.11.30"]
[WhiteClock "0:00:06"]
[BlackClock "0:00:38"]

1. e4 c6 2. d4 d5 3. e5 Bf5 4. Nf3 e6 5. Be2 c5 6. Be3 Qb6 7. Nc3 Nc6 8. dxc5 Bxc5 9. Bxc5 Qxc5 10. Nb5 Nge7 11. Nc7+ Kd7 12. Nxa8 Rxa8 13. c3 Be4 14. O-O Bxf3 15. Bxf3 Nxe5 16. Re1 N7c6 17. Qe2 Ke7 18. Rad1 Kf8 19. g3 a5 20. Bg2 a4 21. Qh5 Ng6 22. Qxh7 a3 23. b4 Qxc3 24. h4 Nxb4 25. h5 Ne7 26. Qh8+ Ng8 27. h6 Nd3 28. h7 Ke7 29. Rf1 Nf6 30. Qxa8 Nxh7 31. Qxb7+ Kf6 32. Qb1 Ne5 33. Qxh7 Qb2 34. Qh4+ Kg6 35. Qd4 Qb8 36. Rfe1 Nc4 37. Rb1 Qc7 38. Rbc1 Qa5 39. Qc3 Qb6 40. Bf1 Nd6 41. Qe3 Qb2 42. Qe2 Qb4 43. Qd3+ Kh6 44. Qc3 Qb6 45. Qe3+ 1-0


[Site "https://www.chess.com"]

[Event "Titled Tuesday Blitz November 30 2021"]
[White "Adewumi, Tanitoluwa"]
[Black "Madaminov, Mukhiddin"]
[WhiteFideId "30966396"]
[BlackFideId "14210703"]
[WhiteElo "2591"]
[BlackElo "1855"]
[Result "0-1"]
[Round "11"]
[TimeControl "180+1"]
[Date "2021.11.30"]
[WhiteClock "0:00:06"]
[BlackClock "0:00:51"]

1. b3 d6 2. Bb2 e5 3. e3 c5 4. d4 cxd4 5. exd4 e4 6. d5 f5 7. c4 Nd7 8. f3 Ngf6 9. Nd2 e3 10. Nb1 Be7 11. Qd4 O-O 12. Qxe3 Re8 13. Ne2 Nc5 14. Qc3 b5 15. Nd2 bxc4 16. Nxc4 Ba6 17. O-O-O Bxc4 18. Qxc4 Rc8 19. Kb1 Nfd7 20. Nf4 Bf6 21. Qc2 Na4 22. Bxf6 Qxf6 23. Bc4 Rxc4 24. bxc4 Rb8+ 25. Kc1 Rb2 26. Qd3 Rxa2 27. Qd4 Qxd4 28. Rxd4 Ndc5 29. Ne6 Nb3+ 30. Kd1 Nxd4 0-1


[Site "https://www.chess.com"]

[Event "Titled Tuesday Blitz November 30 2021"]
[White "Andreikin, Dmitry"]
[Black "Gokerkan, Cem Kaan"]
[WhiteFideId "4158814"]
[BlackFideId "6336760"]
[WhiteElo "2736"]
[BlackElo "2382"]
[Result "1-0"]
[Round "11"]
[TimeControl "180+1"]
[Date "2021.11.30"]
[WhiteClock "0:00:04"]
[BlackClock "0:00:02"]

1. e4 c5 2. Nc3 g6 3. h4 h5 4. Nf3 Bg7 5. Ng5 Nc6 6. Bc4 e6 7. d3 a6 8. Be3 b5 9. Bb3 Nd4 10. Ne2 Nxb3 11. axb3 Nf6 12. Bxc5 d6 13. Bb4 O-O 14. Ba5 Qe7 15. Bc3 e5 16. f3 d5 17. Qd2 Rd8 18. Ba5 Rd7 19. Bb4 Qd8 20. Bc5 Bb7 21. Qa5 Qc8 22. b4 Rc7 23. c3 Rd7 24. O-O-O Qc6 25. Qb6 Qc8 26. Qa5 Qc6 27. d4 dxe4 28. dxe5 exf3 29. gxf3 Nd5 30. Nd4 Qc8 31. e6 fxe6 32. Ndxe6 Bf6 33. Rhe1 Qc6 34. Nd4 Qc7 35. Qxc7 Rxc7 36. Nde6 Rcc8 37. Ne4 Bxh4 38. Nd6 Bxe1 39. Nxb7 Nc7 40. Rxe1 Re8 41. Nxc7 Rxe1+ 42. Kd2 Rf1 43. Nxa8 Rxf3 44. Ke2 Rh3 45. Nd6 g5 46. Nc7 g4 47. Ne4 Kg7 48. Ne6+ Kg8 49. Nf4 Rh2+ 50. Ke3 Rxb2 51. Nxh5 Kf7 52. Nhg3 Ke6 53. Kf4 Kd5 54. Kxg4 Ra2 55. Kf4 a5 56. bxa5 Rxa5 57. Bb4 Ra4 58. Nf5 Ra8 59. Ne3+ Kc6 60. Ng5 Re8 61. Nf3 Rh8 62. Ne5+ Kb6 63. Ke4 Rh4+ 64. Kd5 Rh5 65. Kd6 Rh6+ 66. Kd5 Rh5 67. Nc2 Rg5 68. Nd4 Rh5 69. Ne6 Rh1 70. Nd7+ Kb7 71. Kc5 Rh5+ 72. Kd6 Rh1 73. Nec5+ Kc8 74. Kc6 Rh5 75. Kxb5 Kc7 76. Kc4 Kd6 77. Nb6 Kc6 78. Nba4 Rh4+ 79. Kb3 Kd5 80. Nb6+ Kc6 81. Nc4 Kb5 82. Nd6+ Kc6 83. Nf5 Rh1 84. Kc4 Rf1 85. Nd4+ Kc7 86. Kd5 Rh1 87. Ba5+ Kb8 88. Kc6 Kc8 89. Nf5 Rf1 90. Nd6+ Kb8 91. Bb6 Rh1 92. Nd7+ Ka8 93. Nb5 Rh6+ 94. Nd6 Rg6 95. Nc5 Rh6 96. c4 Rg6 97. Bc7 Ka7 98. Nd7 Rh6 99. c5 Rg6 100. Bb6+ Ka8 101. Kc7 Rh6 102. Ne5 Rh7+ 103. Kc6 Rh6 104. Kb5 Rh1 105. c6 Rb1+ 106. Kc5 Rc1+ 107. Nec4 Rd1 108. c7 Rd5+ 109. Kb4 Rb5+ 110. Kc3 Rc5 111. Kd3 Rd5+ 112. Ke3 Re5+ 113. Kd2 Rd5+ 114. Ke3 Rd3+ 115. Kf4 Rd4+ 116. Ne4 Rxc4 117. Ke5 Rc1 118. Nd6 Re1+ 119. Kd5 Rd1+ 120. Bd4 Rc1 121. Bc5 Rd1+ 122. Kc6 Rxd6+ 123. Bxd6 Ka7 124. Kd7 1-0


[Site "https://www.chess.com"]

[Event "Titled Tuesday Blitz November 30 2021"]
[White "Atakhan, Abtin"]
[Black "Nikologorskiy, Konstantin"]
[WhiteFideId "22502203"]
[BlackFideId "24111708"]
[WhiteElo "2119"]
[BlackElo "2346"]
[Result "1-0"]
[Round "11"]
[TimeControl "180+1"]
[Date "2021.11.30"]
[WhiteClock "0:00:04"]
[BlackClock "0:00:02"]

1. e4 e6 2. d4 d5 3. Nc3 Bb4 4. e5 c5 5. a3 Bxc3+ 6. bxc3 Ne7 7. h4 Nbc6 8. h5 h6 9. Rb1 Qa5 10. Bd2 c4 11. Qg4 Rg8 12. Nf3 Qxa3 13. Be2 Qa2 14. Rc1 Qa5 15. O-O b5 16. Ra1 Qb6 17. Rfb1 a5 18. Qf4 Bb7 19. Nh2 b4 20. Ng4 b3 21. cxb3 cxb3 22. Ra4 Ba6 23. Bxa6 Rxa6 24. Qf3 Qb5 25. Ra3 a4 26. Bxh6 gxh6 27. Nf6+ Kd8 28. Nxg8 Nxg8 29. Qxf7 Nge7 30. Qf8+ Kd7 31. Qxh6 Qd3 32. Qc1 Nf5 33. Qf1 Qc4 34. Rbxb3 axb3 35. Rxa6 Qxf1+ 36. Kxf1 Kc7 37. Ra3 b2 38. Rb3 Na5 39. Rxb2 Nc4 40. Re2 Kd7 41. g4 Nh4 42. h6 Ke7 43. f4 Kf7 44. Rh2 Nf3 45. Rh5 Kg8 46. f5 Nfd2+ 47. Kg2 exf5 48. gxf5 Ne4 49. f6 Ne3+ 50. Kf3 Nc4 51. h7+ Kh8 52. f7 Ned2+ 53. Ke2 1-0


[Site "https://www.chess.com"]